 Dungeon Crawl Stone Soup version 0.30-a0-939-gc8157cb160 (webtiles) character file.

Game seed: 4320540044029583126

42 Jeffwins the Chucker (level 3, -3/29 HPs)
             Began as a Human Wanderer on Mar 26, 2023.
             Slain by Terence
             ... wielding a +0 mace
              (4 damage)
             ... on level 2 of the Dungeon.
             The game lasted 00:01:54 (847 turns).

Jeffwins the Chucker (Human Wanderer)                Turns: 847, Time: 00:01:55

Health: -3/29      AC:  3    Str:  8    XL:     3   Next: 80%
Magic:  3/3        EV: 11    Int: 12    God:
Gold:   33         SH:  0    Dex: 18    Spells: 2/2 levels left

rFire   + . .      SeeInvis .    m - +2 dagger (vamp)
rCold   + . .      Faith    .    (no shield)
rNeg    . . .      Spirit   .    f - +0 robe
rPois   +          Reflect  .    d - +0 helmet
rElec   +          Rampage  .    (no cloak)
rCorr   +                        (no gloves)
Will    .....                    (no boots)
Stlth   ++                       (no amulet)
HPRegen 0.24/turn                (no ring)
MPRegen 0.08/turn                (no ring)

@: resistant, hasted, very quick
A: no striking features
a: no special abilities


You were on level 2 of the Dungeon.
You visited 1 branch of the dungeon, and saw 2 of its levels.

You collected 33 gold pieces.


   Skills:
 + Level 3.2 Fighting
 - Level 1.0 Short Blades
 * Level 1.6 Ranged Weapons
 + Level 3.2 Throwing
 + Level 1.5 Armour
 + Level 1.6 Stealth
 - Level 1.0 Evocations


You had 2 spell levels left.
You didn't know any spells.
Your spell library was empty.

Inventory:

Hand Weapons
 a - a +2 dagger
 j - a +0 trident
 m - a +2 vampiric dagger (weapon)
Missiles
 b - a curare-tipped dart (quivered) {=f}
Armour
 d - a +0 helmet (worn)
 f - a +0 robe (worn)
Scrolls
 e - 3 scrolls of vulnerability {!r}
 g - a scroll of identify {unknown}
 i - a scroll of blinking {unknown}
 k - 3 scrolls of fog {unknown}
Potions
 c - a potion of haste {@q3}

Dungeon Overview and Level Annotations

Branches:
Dungeon (2/15)

Altars:

Annotations:
D:2 Terence

### ## ..... ...
#.#. #.# #.. ..#
#.# #.# #.# #.# #
#@# #.#.##
#@#####.#..##
#...........#
.......#####.##..#
######## #.##..#
##.....# #...#..#
##.....#
########...#
...........#


You could see Terence (berserk).


Message History

Unknown command.
Okay, then.
It was a potion of ambrosia.
You are confused.
You feel invigorated. Terence barely misses you.
It was a potion of haste.
You feel yourself speed up. Terence barely misses you.
Terence hits you with a +0 mace!
* * * LOW HITPOINT WARNING * * *
Unknown command.
You bump into the rock wall.
Terence barely misses you.
Unknown command.
Terence attacks as you move away! Terence hits you with a +0 mace!
* * * LOW HITPOINT WARNING * * *
You see here a black potion.
You're too confused to move!
Terence hits you with a +0 mace.
* * * LOW HITPOINT WARNING * * *
You bump into the rock wall.
Terence hits you with a +0 mace.
* * * LOW HITPOINT WARNING * * *
Unknown command.
You miss Terence.
Terence is lightly wounded.
You feel less invigorated.
You feel less confused. Terence hits you with a +0 mace!
* * * LOW HITPOINT WARNING * * *
Unknown command.
Unknown command.
Terence attacks as you move away! Terence hits you with a +0 mace.
You die...

Skill      XL: |  1  2 |
---------------+-------+-----
Ranged Weapons | 1 |  1.6
Fighting       | |  3.2
Short Blades   | |  1.0
Throwing       | |  3.2
Armour         | |  1.5
Stealth        | |  1.6
Evocations     | |  1.0

Action                     || total
---------------------------++-------
  Melee: Dagger            ||   129
         Punch             ||     4
    Use: Potion            ||     4
   Stab: Sleeping          ||     1
 Armour: Robe              ||    37
  Dodge: Dodged            ||    98

Levels and vault maps discovered:
D:1:      psy_arrival_dodecagon, layout_rooms
D:2:      layout_loops_ring, basic_altar, uniq_terence

Notes
Turn   | Place    | Note
-------+----------+-------------------------------------------
     0 | D:1      | Jeffwins the Human Wanderer began the quest for the Orb.
     0 | D:1      | Jeffwins set off with the following items: a +2 dagger, a
                  | curare-tipped dart {=f}, a +0 short sword, a +0 helmet, a
                  | scroll of vulnerability {!r}, a +0 robe.
     0 | D:1      | Reached XP level 1. HP: 18/18 MP: 1/1
    38 | D:1      | Reached XP level 2. HP: 23/24 MP: 2/2
   145 | D:1      | Reached skill level 1 in Ranged Weapons
   185 | D:1      | Reached XP level 3. HP: 4/29 MP: 3/3
   833 | D:2      | Noticed Terence
   838 | D:2      | Identified a potion of resistance
   846 | D:2      | HP: 1/29 [Terence/+0 mace (11)]
   847 | D:2      | Slain by Terence

Vanquished Creatures
  4 ball pythons
  4 endoplasms (D:1)
  A goblin (D:1)
  4 hobgoblins
  6 jackals (D:1)
  3 quokkas
  3 bats
  A frilled lizard (D:2)
  8 kobolds
  4 rats (D:1)
38 creatures vanquished.

Table legend: (Time is in decaauts)
 A = Elapsed time spent in this place.
 B = Non-inter-level travel time spent in this place.
 C = Inter-level travel time spent in this place.
 D = Time resting spent in this place.
 E = Time spent auto-exploring this place.
 F = Levels seen in this place.
 G = Mean time per level.
                   A        B        C        D        E       F      G
               +--------+--------+--------+--------+--------+-----+--------+
         Total |    836 |    825 |     11 |      0 |    526 |   2 |  418.0 |
       Dungeon |    836 |    825 |     11 |      0 |    526 |   2 |  418.0 |
               +--------+--------+--------+--------+--------+-----+--------+

Top non-repeatable levels by time:
     D:1: 652 daAuts
     D:2: 184 daAuts

Table legend:
 A = Non-vault XP
 B = Vault XP
 C = Vault XP percentage of total XP
 D = Non-vault monster count
 E = Vault monster count
 F = Vault count percentage of total count
                 A         B        C        D         E       F
            +---------+---------+-------+---------+---------+-------
      Total |      61 |       0 |   0.0 |      38 |       0 |   0.0
            +---------+---------+-------+---------+---------+-------
        D:1 |      53 |       0 |   0.0 |      32 |       0 |   0.0
        D:2 |       8 |       0 |   0.0 |       6 |       0 |   0.0
            +---------+---------+-------+---------+---------+-------
